 Dungeon Crawl Stone Soup version 0.21.1-1-g345015f (webtiles) character file.

413 inc the Gouger (level 6, 28/28 HPs)
             Began as a Felid Chaos Knight on Mar 11, 2018.
             Quit the game on level 6 of the Dungeon.
             The game lasted 00:08:44 (5814 turns).

inc the Gouger (Felid Chaos Knight)                 Turns: 5814, Time: 00:08:45

Health: 28/28      AC:  2    Str:  6    XL:     6   Next: 59%
Magic:  7/7        EV: 18    Int: 16    God:    Xom [*.....]
Gold:   244        SH:  0    Dex: 15    Spells: 5/5 levels left
                                        Lives:  1   Deaths: 1

rFire    . . .     SeeInvis +     - Unarmed
rCold    + . .     Gourm    .   (shield unavailable)
rNeg     . . .     Faith    .   (armour unavailable)
rPois    .         Spirit   .   (helmet unavailable)
rElec    .         Reflect  .   (cloak unavailable)
rCorr    .         Harm     .   (gloves unavailable)
MR       .....                  (boots unavailable)
Stlth    ++........             (no amulet)
HPRegen  0.09/turn              o - ring of protection from cold
MPRegen  0.10/turn              (no ring)

@: quick
A: very small, no armour, no weapons or thrown items, stealth, claws 1, fangs 3,
see invisible, carnivore, speed 1, shaggy fur 2, slow metabolism 1, weak 1,
sharp paws
a: Renounce Religion


You were on level 6 of the Dungeon.
You worshipped Xom.
You were a special plaything of Xom.
You were not hungry.

You visited 1 branch of the dungeon, and saw 6 of its levels.

You collected 244 gold pieces.

Inventory:

Jewellery
 m - an uncursed amulet of harm
 o - a ring of protection from cold (left paw)
Wands
 k - a wand of clouds (6)
 q - a wand of polymorph (12)
 r - a wand of acid (19)
Scrolls
 b - 2 scrolls of random uselessness {unknown}
 d - 2 scrolls of remove curse {unknown}
 e - a scroll of enchant weapon {unknown}
 g - a scroll of identify
 i - 2 scrolls of teleportation {unknown}
 j - a scroll of immolation {unknown}
 l - 3 scrolls of fog {unknown}
 n - a scroll of noise {unknown}
 p - a scroll of enchant armour {unknown}
Potions
 c - 3 potions of brilliance
 f - a potion of flight
 h - a potion of haste
 s - a potion of degeneration
Comestibles
 a - 11 rations


   Skills:
 - Level 3.0 Fighting
 - Level 3.2 Dodging
 + Level 9.1 Unarmed Combat


You had 5 spell levels left.
You didn't know any spells.

Dungeon Overview and Level Annotations

Branches:
Dungeon (6/15)             Temple (0/1) D:5

Altars:
Ashenzari
Cheibriados
Dithmenos
Elyvilon
Nemelex Xobeh
Okawaru
Qazlal
Ru
Uskayaw
The Shining One

Annotations:
D:4 Anonimus's ghost, novice GnFi


Innate Abilities, Weirdness & Mutations

You cannot wear armour.
You are incapable of wielding weapons or throwing items.
Your paws allow you to move quietly. (Stealth)
You have sharp claws.
You have razor-sharp teeth.
You have supernaturally acute eyesight. (SInv)
You are carnivorous and can eat meat at any time.
You cover ground quickly.
You are covered in thick fur. (AC +2)
You have a slow metabolism.
Your sharp claws are effective at attacking unaware monsters.
You are weak. (Str -2)


Message History

You feel sick.
* * * LOW HITPOINT WARNING * * *
You feel sick.
* * * LOW HITPOINT WARNING * * *
You feel sick.
* * * LOW HITPOINT WARNING * * *
You feel sick.
* * * LOW HITPOINT WARNING * * *
You feel sick.
* * * LOW HITPOINT WARNING * * *
You feel sick.
The crimson imp shouts!
You die...
Xom giggles madly!
You feel sick.
You are now level 6!
Xom thinks this is hilarious!
You rejoin the land of the living...
Okay, then.
Are you sure you want to abandon this character and quit the game? (Confirm with "yes".)

###.###########
.......@.......
..........#####
.###.####.# ..
.... ## #.##.
#.# .. #.# .
....... #.#
....... # #.#


There were no monsters in sight!

Vanquished Creatures
  A sky beast (D:5)
  A phantom (D:4)
  A bullfrog (D:6)
  A scorpion (D:6)
  A howler monkey (D:5)
  A crimson imp (D:6)
  A centaur zombie (D:5)
  3 hounds (D:4)
  A bullfrog skeleton (D:5)
  An iguana (D:5)
  Ijyb (D:5)
  4 worker ants
  7 gnolls
  2 adders
  A shadow imp (D:5)
  A worm (D:5)
  4 leopard geckos
  2 orcs (D:5)
  7 bats
  5 giant cockroaches
  9 goblins
  8 hobgoblins
  4 jackals (D:5)
  5 kobolds
  2 quokkas (D:5)
  2 ball pythons
  A frilled lizard (D:5)
  2 leopard gecko skeletons
  A leopard gecko zombie (D:5)
  5 rats
85 creatures vanquished.

Notes
Turn   | Place    | Note
-------+----------+-------------------------------------------
     0 | D:1      | inc the Felid Chaos Knight began the quest for the Orb.
     0 | D:1      | Reached XP level 1. HP: 10/10 MP: 2/2
    69 | D:1      | XOM: potion effect (might)
    70 | D:1      | Reached XP level 2. HP: 14/14 MP: 3/3
   154 | D:1      | Reached skill level 4 in Unarmed Combat
   160 | D:1      | XOM: potion effect (might)
   244 | D:1      | Reached XP level 3. HP: 16/17 MP: 4/4
   670 | D:2      | Found an iron altar of Okawaru.
  1044 | D:2      | Found a sacrificial altar of Ru.
  1140 | D:2      | XOM: god gift: glowing yellow potion {god gift}
  1328 | D:3      | Noticed a hand axe
  1329 | D:3      | Noticed a dagger
  1329 | D:3      | Found a hide-covered altar of Uskayaw.
  1395 | D:3      | Found a shattered altar of Ashenzari.
  1400 | D:3      | Reached XP level 4. HP: 18/21 MP: 5/5
  1406 | D:3      | Reached skill level 5 in Unarmed Combat
  1669 | D:3      | Found a sparkling altar of Nemelex Xobeh.
  1743 | D:3      | XOM: smoke on damage
  1753 | D:3      | XOM: polymorph gnoll -> leopard gecko
  1921 | D:2      | XOM is BORED!
  2410 | D:4      | XOM: noise
  2426 | D:4      | Reached XP level 5. HP: 13/24 MP: 6/6
  2466 | D:4      | Reached skill level 6 in Unarmed Combat
  2739 | D:4      | XOM: harmless Chrm miscast
  2807 | D:3      | XOM: silly message
  3113 | D:4      | XOM: potion effect (might)
  3459 | D:4      | Gained mutation: You are covered in thick fur. (AC +2) [Felid growth]
  3459 | D:4      | Reached XP level 6. HP: 28/28 MP: 7/7
  3592 | D:4      | XOM: noise
  3606 | D:4      | XOM: potion effect (might)
  3802 | D:4      | XOM: cast spell 'Summon Ice Beast'
  3823 | D:4      | Reached skill level 7 in Unarmed Combat
  3883 | D:4      | XOM: medium Tloc miscast
  4099 | D:4      | XOM: mild Tloc miscast
  4205 | D:4      | Noticed Anonimus's ghost (novice GnFi)
  4214 | D:5      | Entered Level 5 of the Dungeon
  4214 | D:5      | Found a staircase to the Ecumenical Temple.
  4284 | D:5      | XOM: harmless Hex miscast
  4324 | D:5      | XOM: confuse monster(s)
  4338 | D:5      | XOM: 2-stop teleportation journey
  4348 | D:5      | Reached skill level 8 in Unarmed Combat
  4401 | D:5      | Noticed Ijyb
  4408 | D:5      | Killed Ijyb
  4408 | D:5      | Reached XP level 7. HP: 31/31 MP: 8/8
  4494 | D:5      | Found a shattered altar of Ashenzari.
  4588 | D:5      | XOM: medium Conj miscast
  4610 | D:5      | XOM: summons 3 hostile demons
  4916 | D:5      | Found a snail-covered altar of Cheibriados.
  4965 | D:5      | XOM: swap monsters
  5098 | D:5      | Found a glowing golden altar of the Shining One.
  5326 | D:5      | Found a white marble altar of Elyvilon.
  5541 | D:6      | Found a shadowy altar of Dithmenos.
  5561 | D:6      | XOM: confusion
  5565 | D:6      | XOM: summons 2 friendly demons
  5576 | D:6      | XOM: give mutations
  5576 | D:6      | Gained mutation: You are weak. (Str -2) [Xom's mischief]
  5624 | D:6      | XOM: silly message
  5667 | D:6      | Found a stormy altar of Qazlal.
  5694 | D:6      | Reached skill level 9 in Unarmed Combat
  5805 | D:6      | HP: 1/31 [poisoned by a scorpion]
  5813 | D:6      | Succumbed to a scorpion's poison
  5814 | D:6      | Reached XP level 6. HP: 0/28 MP: 7/7
  5814 | D:6      | Quit the game

Skill      XL: |  1  2  3  4  5  6  7 |
---------------+----------------------+-----
Unarmed Combat | 4 5 6 8 9 |  9.1
Fighting       | |  3.0
Dodging        | |  3.2

Action                   |  1- 3 |  4- 6 |  7- 9 || total
-------------------------+-------+-------+-------++-------
Melee: Unarmed           |    80 |   136 |    64 ||   280
       Punch             |     3 |     1 |     3 ||     7
       Bite              |     3 |     7 |     5 ||    15
  Use: Potion            |       |     2 |     2 ||     4
       Scroll            |       |       |     5 ||     5
 Stab: Sleeping          |     2 |     3 |     1 ||     6
       Distracted        |       |     1 |     1 ||     2
       Confused          |       |     1 |       ||     1
  Eat: Chunk             |     3 |     7 |     3 ||    13
Armor: Skin              |     3 |     2 |     4 ||     9
Dodge: Dodged            |    55 |    98 |    70 ||   223
